 Dungeon Crawl Stone Soup version 0.30-a0-23-ge60ba3568b (webtiles) character file.

Game seed: 8342317115818649884

58 Setbun the Cudgeller (level 3, -2/31 HPs)
             Began as a Minotaur Fighter on Aug 25, 2022.
             Slain by a gnoll
             ... wielding a +0 club
              (4 damage)
             ... on level 2 of the Dungeon.
             The game lasted 00:00:50 (928 turns).

Setbun the Cudgeller (Minotaur Fighter)              Turns: 928, Time: 00:00:50

Health: -2/31      AC:  9    Str: 22    XL:     3   Next: 76%
Magic:  2/2        EV:  7    Int: 11    God:
Gold:   52         SH:  4    Dex:  9    Spells: 2/2 levels left

rFire   . . .      SeeInvis .    a - +0 flail
rCold   . . .      Faith    .    c - +0 buckler
rNeg    . . .      Spirit   .    f - +0 chain mail
rPois   .          Reflect  .    (helmet restricted)
rElec   .          Harm     .    (no cloak)
rCorr   .          Rampage  .    (no gloves)
Will    .....                    (no boots)
Stlth   ..........               (no amulet)
HPRegen 0.10/turn                b - +6 ring of intelligence
MPRegen 0.08/turn                (no ring)

@: no status effects
A: horns 2, retaliatory headbutt
a: no special abilities


You were on level 2 of the Dungeon.
You visited 1 branch of the dungeon, and saw 2 of its levels.

You collected 52 gold pieces.

Inventory:

Hand Weapons
 a - a +0 flail (weapon)
Armour
 c - a +0 buckler (worn)
 f - a +0 chain mail (worn)
Jewellery
 b - a +6 ring of intelligence (left hand)
 i - a ring of positive energy
Scrolls
 j - 2 scrolls of teleportation {unknown}
 k - a scroll of noise {unknown}
Potions
 d - a potion of might
 e - a potion of brilliance {unknown}
 g - a potion of mutation {unknown}
 h - a potion of degeneration {unknown}


   Skills:
 - Level 3.6 Fighting
 + Level 5.1 Maces & Flails
 - Level 3.6 Armour
 - Level 3.6 Shields


You had 2 spell levels left.
You didn't know any spells.
Your spell library contained the following spells:

 Spells                   Type           Power      Damage    Failure   Level
 Magic Dart               Conj           0%         1d3       99%         1
 Call Imp                 Summ           0%         N/A       99%         2
 Dazzling Flash           Conj/Hex       0%         N/A       100%        3
 Mephitic Cloud           Conj/Pois/Air  0%         N/A       100%        3
 Animate Dead             Necr           0%         N/A       100%        4
 Iskenderun's Mystic Bla  Conj/Tloc      0%         2d3       100%        4
 Borgnjor's Vile Clutch   Necr/Erth      0%         N/A       100%        5
 Death Channel            Necr           0%         N/A       100%        6
 Starburst                Conj/Fire      0%         6d3       100%        6


Dungeon Overview and Level Annotations

Branches:
Dungeon (2/15)

Altars:


Innate Abilities, Weirdness & Mutations

You have a pair of horns on your head.
You reflexively headbutt those who attack you in melee.


Message History

The rat bites you but does no damage. You block the gnoll's attack.
The gnoll hits you but does no damage.
A goblin comes into view. It is wielding a +0 club.
The rat barely misses you.
You closely miss the rat.
The goblin shouts!
You headbutt the rat.
You kill the rat!
A gnoll comes into view. It is wielding a +0 spear.
A gnoll comes into view. It is wielding a +0 whip.
The gnoll shouts!
The gnoll hits you but does no damage.
A giant cockroach comes into view.
You closely miss the gnoll.
You headbutt the gnoll, but do no damage.
The ball python bites you but does no damage.
The ball python grabs you. The ball python constricts you.
The gnoll hits you with a +0 club. The gnoll hits you but does no damage.
You hit the ball python. You headbutt the ball python.
You kill the ball python!
The gnoll hits you but does no damage.
You hit the gnoll. You headbutt the gnoll.
The gnoll is moderately wounded.
The gnoll hits you but does no damage. You block the gnoll's attack.
You barely miss the gnoll.
The gnoll is moderately wounded.
The gnoll hits you from afar with a +0 spear.
The goblin throws a stone.
The stone hits you. The gnoll hits you with a +0 club.
The gnoll hits you from afar with a +0 spear. x2
* * * LOW HITPOINT WARNING * * *
The gnoll closely misses you.
The gnoll hits you from afar with a +0 spear.
* * * LOW HITPOINT WARNING * * *
A gnoll opens the door.
The goblin attacks as you move away! The goblin hits you but does no damage.
The gnoll closely misses you.
The goblin throws a stone.
You block the stone. The gnoll attacks as you move away!
The gnoll hits you but does no damage. The gnoll attacks as you move away!
The gnoll hits you with a +0 club.
You die...

#. .#.........
............?.... .....
......... #.#.# #......##
#+###'#'###.......# ..#
#.##........B.....# ..#
#.##........g.....## ..#
#.##......@gggg.....
..#####.........#+##'#####
........#####.#....# #
........#####.#....#
<..................#
..†....).............
.......######.......##
.......# ########..##
.......# #.. ..#


You could see 4 gnolls, a giant cockroach and a goblin.

Vanquished Creatures
  An adder (D:2)
  5 ball pythons
  6 bats
  5 endoplasms
  A giant cockroach (D:1)
  5 goblins (D:1)
  5 hobgoblins
  4 jackals (D:2)
  4 kobolds (D:1)
  3 quokkas (D:1)
  A frilled lizard (D:1)
  2 rats
42 creatures vanquished.

Notes
Turn   | Place    | Note
-------+----------+-------------------------------------------
     0 | D:1      | Setbun the Minotaur Fighter began the quest for the Orb.
     0 | D:1      | Reached XP level 1. HP: 19/19 MP: 0/0
   111 | D:1      | Reached skill level 3 in Maces & Flails
   141 | D:1      | Reached XP level 2. HP: 20/26 MP: 1/1
   257 | D:1      | Reached skill level 4 in Maces & Flails
   372 | D:1      | Reached XP level 3. HP: 30/31 MP: 2/2
   875 | D:2      | Reached skill level 5 in Maces & Flails
   928 | D:2      | Slain by a gnoll

Illustrated notes

Levels and vault maps discovered:
D:1:      dpeg_arrival_court, layout_rooms, minmay_pentomino_u4
D:2:      layout_basic, chequers_ecumenical_altar_grove

Skill      XL: |  1  2  3 |
---------------+----------+-----
Maces & Flails | 3 4 5 |  5.1
Fighting       | |  3.6
Armour         | |  3.6
Shields        | |  3.6

Action                   || total
-------------------------++-------
Melee: Flail             ||    85
       Headbutt          ||    14
Armor: Chain mail        ||    64
       Scale mail        ||     5
Dodge: Dodged            ||    39
Block: Buckler           ||    25

Table legend: (Time is in decaauts)
 A = Elapsed time spent in this place.
 B = Non-inter-level travel time spent in this place.
 C = Inter-level travel time spent in this place.
 D = Time resting spent in this place.
 E = Time spent auto-exploring this place.
 F = Levels seen in this place.
 G = Mean time per level.
                   A        B        C        D        E       F      G
               +--------+--------+--------+--------+--------+-----+--------+
         Total |    948 |    933 |     15 |      0 |    739 |   2 |  474.0 |
       Dungeon |    948 |    933 |     15 |      0 |    739 |   2 |  474.0 |
               +--------+--------+--------+--------+--------+-----+--------+

Top non-repeatable levels by time:
     D:1: 691 daAuts
     D:2: 256 daAuts
